[ AOE2 MATCH · #473594473 ]
UnrankedVikings vs Tupi
[ REPLAY ANALYSIS · EXTRACTED FROM THE RECORDED GAME ]
Feudal
10:28
Castle
19:09
Imperial
36:56
| APM avg | 42.8 |
| APM peak | 103 |
| eAPM avg | 29.6 |
| Villagers / military | 345 / 506 |
Focus
⚔️ 43.1% · 🌾 56.9%
Spearman ×168 · Skirmisher ×142 · Archer ×138 · Berserk ×25 · Battering Ram ×18 · Trebuchet (Packed) ×9
Feudal
12:15
Castle
16:35
Imperial
37:48
| APM avg | 39.4 |
| APM peak | 60 |
| eAPM avg | 22.6 |
| Villagers / military | 144 / 41 |
Focus
⚔️ 37.6% · 🌾 62.4%
Unknown (2579) ×104 · Mangonel ×30 · Fishing Ship ×19 · Battering Ram ×9 · Trebuchet (Packed) ×2
Feudal
9:41
Castle
19:56
Imperial
39:57
| APM avg | 32.4 |
| APM peak | 72 |
| eAPM avg | 16.2 |
| Villagers / military | 124 / 26 |
Focus
⚔️ 29.5% · 🌾 70.5%
Fishing Ship ×80 · Unknown (2626) ×46 · Galley ×19 · Unknown (1968) ×17 · Unknown (1948) ×5 · Fire Galley ×3
Feudal
11:03
Castle
15:40
Imperial
46:07
| APM avg | 33.1 |
| APM peak | 59 |
| eAPM avg | 18.6 |
| Villagers / military | 137 / 381 |
Focus
⚔️ 49.5% · 🌾 50.5%
Scout Cavalry ×317 · Cavalry Archer ×26 · Fire Galley ×17 · Unknown (1920) ×15 · Battering Ram ×12 · Unknown (2626) ×12
Feudal
33:41
Castle
36:28
Imperial
39:06
| APM avg | 23.0 |
| APM peak | 69 |
| eAPM avg | 14.7 |
| Villagers / military | 99 / 387 |
Focus
⚔️ 38.2% · 🌾 61.8%
Militia ×218 · Skirmisher ×166 · Fishing Ship ×62 · Trebuchet (Packed) ×3
Feudal
11:40
Castle
15:35
Imperial
20:58
| APM avg | 32.0 |
| APM peak | 87 |
| eAPM avg | 17.3 |
| Villagers / military | 144 / 175 |
Focus
⚔️ 31.8% · 🌾 68.2%
Unknown (882) ×135 · Genoese Crossbowman ×124 · Scout Cavalry ×25 · Fishing Ship ×13 · Trebuchet (Packed) ×11 · Bombard Cannon ×10
Feudal
9:53
Castle
13:46
Imperial
—
| APM avg | 20.3 |
| APM peak | 39 |
| eAPM avg | 11.8 |
| Villagers / military | 106 / 46 |
Focus
⚔️ 25.1% · 🌾 74.9%
Monaspa ×41 · Fishing Ship ×20 · Battering Ram ×4 · Demolition Raft ×1
Feudal
15:10
Castle
—
Imperial
—
| APM avg | 10.6 |
| APM peak | 55 |
| eAPM avg | 4.8 |
| Villagers / military | 27 / 0 |
Focus
⚔️ 16.5% · 🌾 83.5%
Fishing Ship ×13
Match map
Initial resources + every placement click. Lines = walls · curves = elevation contours. ◆ gold · ⬟ stone · ● berries · ✦ relic · ◌ wall gap
Your base· ✓ Map-separated
哈哈哈哈's base· Open
YanShiba's base· Open — 2t gap
咸酸菜's base· Open — opponent sealed themselves in
A spoon full of love's base· ✓ Closed at 36:28 · 0t walls · no gate
大冲车 滴滴 创死你's base· Open — 2t gap
[xbow] Flare's base· Open — 2t gap
牛欢喜's base· ✓ Map-separated
Smoothed initial terrain · ◌ = detected wall gap · hover for details
Inputs per minute
— 2KM1 - - 哈哈哈哈
Build order — 2KM1
First 150 of 746 actions detected
| 0:14 | Build | Dock |
| 1:49 | Build | Town Center |
| 2:16 | Build | House |
| 2:21 | Create | Fishing Ship |
| 2:42 | Create | Villager (Male) |
| 2:50 | Create | Villager (Male) |
| 3:07 | Build | House |
| 3:16 | Create | Villager (Male) |
| 3:20 | Create | Villager (Male) |
| 3:20 | Create | Villager (Male) |
| 3:57 | Create | Fishing Ship |
| 4:19 | Create | Villager (Male) |
| 4:36 | Create | Fishing Ship |
| 4:49 | Create | Villager (Male) |
| 4:54 | Build | House |
| 4:59 | Build | House |
| 5:03 | Create | Fishing Ship |
| 5:07 | Create | Villager (Male) |
| 5:20 | Create | Villager (Male) |
| 5:24 | Create | Fishing Ship |
| 5:55 | Create | Villager (Male) |
| 6:20 | Create | Villager (Male) |
| 6:22 | Build | House |
| 6:33 | Build | Mill |
| 6:40 | Create | Villager (Male) |
| 6:49 | Create | Fishing Ship |
| 7:01 | Create | Fishing Ship |
| 7:16 | Create | Villager (Male) |
| 7:43 | Create | Villager (Male) |
| 8:18 | Research | Feudal Age |
| 8:19 | Research | Feudal Age |
| 8:22 | Build | Barracks |
| 8:46 | Build | House |
| 8:48 | Create | Fishing Ship |
| 9:10 | Build | Mining Camp |
| 9:24 | Build | House |
| 10:00 | Create | Villager (Male) |
| 10:01 | Create | Villager (Male) |
| 10:04 | Research | Loom |
| 10:05 | Create | Villager (Male) |
| 10:28 | Build | Lumber Camp |
| 10:28 | Age | Feudal Age |
| 10:35 | Build | Archery Range |
| 10:37 | Build | Archery Range |
| 10:49 | Research | Double-Bit Axe |
| 11:02 | Research | Tech 906 |
| 11:06 | Create | Villager (Male) |
| 11:11 | Build | Blacksmith |
| 11:26 | Build | Lumber Camp |
| 11:28 | Create | Archer |
| 11:30 | Create | Archer |
| 11:38 | Create | Villager (Male) |
| 11:38 | Create | Villager (Male) |
| 11:57 | Research | Horse Collar |
| 11:57 | Research | Horse Collar |
| 12:00 | Create | Archer |
| 12:00 | Create | Archer |
| 12:15 | Research | Tech 906 |
| 12:21 | Research | Fletching |
| 12:21 | Research | Fletching |
| 12:23 | Create | Villager (Male) |
| 12:27 | Build | Farm |
| 12:30 | Build | Farm |
| 12:33 | Create | Archer |
| 12:36 | Create | Villager (Male) |
| 12:49 | Create | Archer |
| 13:10 | Create | Archer |
| 13:10 | Create | Archer |
| 13:11 | Create | Villager (Male) |
| 13:15 | Build | Farm |
| 13:17 | Build | Farm |
| 13:19 | Build | Farm |
| 13:20 | Build | Farm |
| 13:27 | Create | Archer |
| 13:28 | Create | Villager (Male) |
| 13:34 | Build | House |
| 13:36 | Build | House |
| 13:40 | Build | House |
| 13:54 | Create | Archer |
| 14:02 | Create | Archer |
| 14:08 | Create | Archer |
| 14:19 | Create | Villager (Male) |
| 14:24 | Build | Farm |
| 14:25 | Build | Farm |
| 14:26 | Build | Farm |
| 14:34 | Create | Villager (Male) |
| 14:47 | Create | Villager (Male) |
| 15:04 | Create | Villager (Male) |
| 15:04 | Create | Archer |
| 15:05 | Create | Archer |
| 15:12 | Build | Farm |
| 15:13 | Build | Farm |
| 15:14 | Build | Farm |
| 15:14 | Build | Farm |
| 15:31 | Create | Archer |
| 15:37 | Create | Archer |
| 15:45 | Build | Farm |
| 16:11 | Create | Archer |
| 16:29 | Research | Castle Age |
| 16:29 | Research | Castle Age |
| 16:54 | Create | Villager (Male) |
| 17:39 | Create | Archer |
| 17:39 | Create | Archer |
| 17:42 | Create | Archer |
| 17:42 | Create | Archer |
| 17:53 | Build | House |
| 17:55 | Build | House |
| 17:57 | Create | Archer |
| 17:57 | Create | Archer |
| 18:15 | Research | Padded Archer Armor |
| 18:16 | Research | Gold Mining |
| 18:16 | Research | Gold Mining |
| 18:58 | Create | Archer |
| 18:58 | Create | Archer |
| 19:09 | Age | Castle Age |
| 19:17 | Build | Siege Workshop |
| 19:23 | Research | Bodkin Arrow |
| 19:24 | Research | Crossbowman (upgrade) |
| 19:24 | Research | Crossbowman (upgrade) |
| 19:30 | Create | Archer |
| 19:36 | Build | University |
| 19:38 | Research | Bow Saw |
| 19:39 | Create | Villager (Male) |
| 19:51 | Create | Villager (Male) |
| 20:02 | Research | Leather Archer Armor |
| 20:12 | Create | Mangonel |
| 20:14 | Create | Villager (Male) |
| 20:15 | Build | Market |
| 20:18 | Create | Villager (Male) |
| 20:37 | Create | Archer |
| 20:38 | Create | Archer |
| 20:58 | Research | Ballistics |
| 20:58 | Research | Ballistics |
| 21:08 | Create | Villager (Male) |
| 21:08 | Create | Villager (Male) |
| 21:16 | Research | Leather Archer Armor |
| 21:18 | Create | Villager (Male) |
| 21:30 | Create | Mangonel |
| 21:41 | Create | Archer |
| 21:41 | Create | Archer |
| 21:45 | Create | Villager (Male) |
| 21:56 | Create | Villager (Male) |
| 22:07 | Create | Villager (Male) |
| 22:08 | Create | Villager (Male) |
| 22:10 | Create | Archer |
| 22:10 | Create | Archer |
| 22:26 | Create | Villager (Male) |
| 22:27 | Build | Lumber Camp |
| 22:35 | Build | Town Center |
| 22:40 | Create | Villager (Male) |
Build order — 哈哈哈哈
First 150 of 376 actions detected
| 0:38 | Build | Dock |
| 1:16 | Build | House |
| 1:21 | Build | House |
| 1:43 | Create | Fishing Ship |
| 3:19 | Create | Fishing Ship |
| 3:43 | Build | Town Center |
| 4:07 | Create | Fishing Ship |
| 4:58 | Create | Villager (Male) |
| 4:58 | Create | Villager (Male) |
| 5:00 | Create | Villager (Male) |
| 5:00 | Create | Villager (Male) |
| 5:00 | Create | Villager (Male) |
| 5:00 | Create | Villager (Male) |
| 5:40 | Create | Fishing Ship |
| 5:59 | Create | Villager (Male) |
| 6:24 | Create | Fishing Ship |
| 6:24 | Create | Fishing Ship |
| 6:32 | Build | House |
| 6:40 | Build | Palisade Gate |
| 6:47 | Build | House |
| 6:50 | Build | Palisade Gate |
| 6:59 | Create | Villager (Male) |
| 6:59 | Create | Villager (Male) |
| 7:00 | Create | Villager (Male) |
| 7:07 | Build | House |
| 7:30 | Create | Villager (Male) |
| 7:30 | Create | Villager (Male) |
| 8:08 | Build | House |
| 8:21 | Build | Palisade Gate |
| 8:36 | Create | Villager (Male) |
| 8:36 | Create | Villager (Male) |
| 8:38 | Create | Fishing Ship |
| 8:51 | Create | Villager (Male) |
| 8:51 | Create | Villager (Male) |
| 9:06 | Create | Villager (Male) |
| 9:06 | Create | Villager (Male) |
| 9:23 | Create | Villager (Male) |
| 9:24 | Create | Villager (Male) |
| 9:29 | Create | Fishing Ship |
| 9:29 | Create | Fishing Ship |
| 9:29 | Create | Fishing Ship |
| 9:33 | Create | Villager (Male) |
| 9:33 | Create | Villager (Male) |
| 9:33 | Create | Villager (Male) |
| 9:38 | Build | House |
| 9:46 | Build | House |
| 9:49 | Build | House |
| 9:52 | Build | House |
| 9:56 | Build | House |
| 9:58 | Create | Villager (Male) |
| 9:59 | Create | Villager (Male) |
| 9:59 | Create | Villager (Male) |
| 9:59 | Create | Villager (Male) |
| 10:05 | Research | Feudal Age |
| 10:32 | Build | House |
| 11:00 | Create | Villager (Male) |
| 11:00 | Create | Villager (Male) |
| 11:28 | Build | House |
| 11:31 | Build | House |
| 11:34 | Build | Palisade Wall |
| 11:36 | Build | Palisade Wall |
| 11:41 | Build | Palisade Wall |
| 11:43 | Build | Palisade Wall |
| 11:50 | Create | Villager (Male) |
| 11:50 | Create | Villager (Male) |
| 11:54 | Create | Fishing Ship |
| 11:55 | Create | Fishing Ship |
| 11:55 | Create | Fishing Ship |
| 12:15 | Age | Feudal Age |
| 12:22 | Build | Settlement |
| 12:24 | Create | Villager (Male) |
| 12:25 | Create | Villager (Male) |
| 12:29 | Build | Blacksmith |
| 12:59 | Research | Town Watch |
| 13:10 | Build | Market |
| 13:52 | Research | Castle Age |
| 14:09 | Build | Settlement |
| 14:27 | Research | Fletching |
| 14:28 | Research | Double-Bit Axe |
| 14:54 | Research | Loom |
| 15:24 | Build | Dock |
| 16:35 | Age | Castle Age |
| 16:48 | Research | Bodkin Arrow |
| 17:31 | Create | Villager (Male) |
| 17:31 | Create | Villager (Male) |
| 17:39 | Build | Castle |
| 18:11 | Create | Villager (Male) |
| 18:11 | Create | Villager (Male) |
| 18:11 | Create | Villager (Male) |
| 18:33 | Create | Unit 2579 |
| 18:34 | Create | Unit 2579 |
| 18:34 | Create | Unit 2579 |
| 18:34 | Create | Unit 2579 |
| 18:44 | Research | Padded Archer Armor |
| 19:15 | Create | Unit 2579 |
| 19:15 | Create | Unit 2579 |
| 19:15 | Create | Unit 2579 |
| 19:16 | Create | Villager (Male) |
| 19:16 | Create | Villager (Male) |
| 19:17 | Create | Villager (Male) |
| 19:29 | Create | Unit 2579 |
| 19:29 | Create | Unit 2579 |
| 19:33 | Create | Villager (Male) |
| 19:33 | Create | Villager (Male) |
| 19:34 | Create | Villager (Male) |
| 20:04 | Create | Villager (Male) |
| 20:05 | Create | Villager (Male) |
| 20:11 | Create | Villager (Male) |
| 20:12 | Create | Villager (Male) |
| 20:12 | Create | Villager (Male) |
| 20:21 | Create | Unit 2579 |
| 20:21 | Create | Unit 2579 |
| 20:21 | Create | Unit 2579 |
| 20:21 | Create | Unit 2579 |
| 20:58 | Create | Unit 2579 |
| 20:58 | Create | Unit 2579 |
| 20:58 | Create | Unit 2579 |
| 21:02 | Build | Siege Workshop |
| 21:06 | Create | Villager (Male) |
| 21:07 | Create | Villager (Male) |
| 21:17 | Create | Fishing Ship |
| 21:17 | Create | Fishing Ship |
| 21:19 | Create | Fishing Ship |
| 21:19 | Create | Fishing Ship |
| 21:21 | Create | Unit 2579 |
| 21:21 | Create | Unit 2579 |
| 21:53 | Create | Villager (Male) |
| 21:53 | Create | Villager (Male) |
| 22:31 | Create | Mangonel |
| 22:31 | Create | Mangonel |
| 22:31 | Create | Mangonel |
| 22:36 | Create | Villager (Male) |
| 22:37 | Create | Villager (Male) |
| 22:37 | Create | Villager (Male) |
| 22:37 | Create | Villager (Male) |
| 22:52 | Build | Outpost |
| 22:52 | Create | Villager (Male) |
| 22:52 | Create | Villager (Male) |
| 22:53 | Create | Villager (Male) |
| 22:53 | Create | Villager (Male) |
| 23:08 | Build | Dock |
| 23:13 | Build | House |
| 23:14 | Create | Villager (Male) |
| 23:14 | Create | Villager (Male) |
| 23:22 | Create | Unit 2579 |
| 23:22 | Create | Unit 2579 |
| 23:22 | Create | Unit 2579 |
| 23:23 | Create | Unit 2579 |
| 23:23 | Create | Unit 2579 |
| 23:26 | Create | Villager (Male) |
Build order — YanShiba
First 150 of 404 actions detected
| 0:51 | Build | Dock |
| 1:51 | Build | Town Center |
| 2:28 | Build | Palisade Wall |
| 2:30 | Build | Palisade Wall |
| 2:37 | Create | Villager (Male) |
| 2:38 | Create | Villager (Male) |
| 2:38 | Create | Villager (Male) |
| 2:38 | Create | Villager (Male) |
| 2:41 | Build | House |
| 2:48 | Research | Loom |
| 3:06 | Create | Villager (Male) |
| 3:21 | Create | Villager (Male) |
| 3:21 | Create | Fishing Ship |
| 3:45 | Create | Fishing Ship |
| 3:46 | Create | Villager (Male) |
| 3:46 | Create | Villager (Male) |
| 3:47 | Create | Villager (Male) |
| 4:05 | Build | House |
| 4:36 | Create | Fishing Ship |
| 5:00 | Create | Fishing Ship |
| 5:29 | Build | House |
| 5:40 | Create | Villager (Male) |
| 6:02 | Build | House |
| 6:02 | Create | Fishing Ship |
| 6:03 | Create | Villager (Male) |
| 6:20 | Build | House |
| 6:25 | Create | Villager (Male) |
| 6:29 | Create | Fishing Ship |
| 6:36 | Build | Palisade Wall |
| 6:50 | Build | Palisade Wall |
| 7:10 | Build | Mining Camp |
| 7:31 | Research | Feudal Age |
| 8:14 | Build | Dock |
| 8:36 | Build | Palisade Wall |
| 8:48 | Build | Palisade Wall |
| 9:21 | Create | Villager (Male) |
| 9:21 | Create | Villager (Male) |
| 9:41 | Age | Feudal Age |
| 9:43 | Create | Unit 2626 ×4 |
| 9:52 | Research | Double-Bit Axe |
| 10:15 | Create | Unit 2626 |
| 10:32 | Build | Dock |
| 10:40 | Create | Villager (Male) |
| 11:06 | Create | Unit 2626 ×2 |
| 11:08 | Create | Villager (Male) |
| 11:09 | Create | Villager (Male) |
| 11:11 | Build | House |
| 11:25 | Build | House |
| 11:41 | Create | Unit 2626 ×2 |
| 11:41 | Create | Unit 2626 ×2 |
| 12:00 | Create | Villager (Male) |
| 12:01 | Build | House |
| 12:02 | Build | House |
| 12:14 | Create | Villager (Male) |
| 12:14 | Create | Villager (Male) |
| 12:25 | Create | Unit 2626 ×2 |
| 12:27 | Create | Villager (Male) |
| 12:27 | Create | Villager (Male) |
| 12:27 | Create | Villager (Male) |
| 12:28 | Create | Villager (Male) |
| 12:28 | Create | Villager (Male) |
| 12:33 | Build | House |
| 12:54 | Create | Unit 2626 |
| 12:59 | Build | House |
| 13:00 | Build | House |
| 13:02 | Create | Villager (Male) |
| 13:22 | Create | Unit 2626 |
| 13:24 | Create | Villager (Male) |
| 13:47 | Create | Villager (Male) |
| 13:48 | Build | House |
| 13:55 | Create | Fishing Ship |
| 13:55 | Create | Fishing Ship |
| 14:29 | Build | Mill |
| 14:34 | Build | Blacksmith |
| 15:03 | Create | Unit 2626 ×2 |
| 15:06 | Create | Villager (Male) |
| 15:06 | Create | Villager (Male) |
| 15:38 | Build | Market |
| 15:50 | Create | Villager (Male) |
| 16:05 | Create | Fishing Ship |
| 16:05 | Create | Fishing Ship |
| 16:22 | Create | Villager (Male) |
| 16:23 | Create | Villager (Male) |
| 16:41 | Create | Transport Ship |
| 16:47 | Create | Galley |
| 16:48 | Create | Galley |
| 17:16 | Research | Castle Age |
| 17:45 | Build | Gate |
| 17:52 | Build | Lumber Camp |
| 19:15 | Create | Galley |
| 19:56 | Age | Castle Age |
| 19:59 | Create | Villager (Male) |
| 19:59 | Create | Villager (Male) |
| 20:23 | Create | Transport Ship |
| 20:55 | Research | War Galley (upgrade) |
| 20:57 | Research | Fletching |
| 21:06 | Create | Villager (Male) |
| 21:07 | Create | Villager (Male) |
| 21:07 | Create | Villager (Male) |
| 21:45 | Build | Castle |
| 22:32 | Create | Unit 1968 |
| 22:33 | Create | Unit 1968 |
| 23:00 | Build | Town Center |
| 23:34 | Create | Unit 1968 |
| 23:43 | Create | Unit 1968 |
| 24:04 | Create | Unit 1968 |
| 24:07 | Research | Bodkin Arrow |
| 24:11 | Create | Villager (Male) |
| 24:12 | Create | Villager (Male) |
| 24:21 | Research | Padded Archer Armor |
| 24:21 | Research | Padded Archer Armor |
| 24:46 | Create | Unit 1968 |
| 24:55 | Build | Siege Workshop |
| 25:19 | Create | Villager (Male) |
| 25:25 | Create | Villager (Male) |
| 25:28 | Build | Mill |
| 25:30 | Create | Villager (Male) |
| 25:33 | Build | Mining Camp |
| 25:50 | Create | Villager (Male) |
| 25:50 | Create | Villager (Male) |
| 26:02 | Create | Unit 1968 |
| 26:11 | Create | Unit 1968 |
| 26:11 | Create | Unit 1968 |
| 26:12 | Create | Villager (Male) |
| 26:16 | Build | Farm |
| 26:16 | Build | Farm |
| 26:16 | Build | Farm |
| 26:17 | Build | Farm |
| 26:17 | Build | Farm |
| 26:27 | Create | Unit 1968 |
| 26:47 | Create | Villager (Male) |
| 27:08 | Create | Villager (Male) |
| 27:09 | Create | Villager (Male) |
| 27:09 | Create | Villager (Male) |
| 27:19 | Build | Mining Camp |
| 27:27 | Build | Mining Camp |
| 27:43 | Create | Unit 1968 |
| 27:44 | Create | Unit 1968 |
| 28:13 | Create | Unit 1968 |
| 28:15 | Create | Villager (Male) |
| 28:16 | Create | Villager (Male) |
| 28:16 | Create | Villager (Male) |
| 28:17 | Create | Villager (Male) |
| 28:28 | Create | Villager (Male) |
| 28:29 | Create | Villager (Male) |
| 28:29 | Create | Villager (Male) |
| 28:43 | Build | Mining Camp |
| 28:54 | Create | Unit 1968 |
| 29:06 | Build | Farm |
| 29:06 | Build | Farm |
Build order — 咸酸菜
First 150 of 489 actions detected
| 0:45 | Build | Dock |
| 0:51 | Build | House |
| 2:11 | Build | Town Center |
| 2:38 | Build | House |
| 3:02 | Create | Villager (Male) |
| 3:02 | Create | Villager (Male) |
| 3:02 | Create | Villager (Male) |
| 3:02 | Create | Villager (Male) |
| 3:38 | Create | Fishing Ship |
| 4:07 | Create | Fishing Ship |
| 4:38 | Create | Fishing Ship |
| 4:42 | Build | House |
| 4:55 | Research | Loom |
| 5:26 | Create | Villager (Male) |
| 5:53 | Create | Villager (Male) |
| 5:53 | Create | Villager (Male) |
| 6:08 | Create | Fishing Ship |
| 6:23 | Create | Villager (Male) |
| 6:30 | Create | Villager (Male) |
| 6:34 | Build | Mill |
| 6:47 | Create | Villager (Male) |
| 7:00 | Create | Villager (Male) |
| 7:31 | Create | Fishing Ship |
| 7:39 | Create | Villager (Male) |
| 8:10 | Create | Villager (Male) |
| 8:11 | Create | Fishing Ship |
| 8:21 | Build | House |
| 8:23 | Build | House |
| 8:40 | Create | Fishing Ship |
| 8:45 | Research | Feudal Age |
| 10:44 | Create | Villager (Male) |
| 10:45 | Create | Villager (Male) |
| 11:03 | Age | Feudal Age |
| 11:05 | Create | Unit 2626 |
| 11:06 | Create | Unit 2626 |
| 11:15 | Build | Blacksmith |
| 11:56 | Build | Market |
| 12:02 | Create | Villager (Male) |
| 13:00 | Research | Castle Age |
| 13:44 | Build | Mining Camp |
| 15:29 | Create | Villager (Male) |
| 15:30 | Create | Villager (Male) |
| 15:38 | Create | Demolition Raft |
| 15:40 | Age | Castle Age |
| 15:51 | Build | Castle |
| 15:55 | Create | Villager (Male) |
| 16:25 | Create | Villager (Male) |
| 16:37 | Create | Villager (Male) |
| 16:41 | Build | Town Center |
| 16:59 | Research | Tech 1014 |
| 17:00 | Create | Villager (Male) |
| 17:11 | Create | Unit 1920 |
| 17:21 | Create | Unit 1920 |
| 17:21 | Create | Unit 1920 |
| 17:28 | Build | Pasture |
| 17:59 | Build | Pasture |
| 18:26 | Build | Pasture |
| 18:40 | Create | Villager (Male) |
| 19:08 | Create | Villager (Male) |
| 19:08 | Create | Villager (Male) |
| 19:11 | Build | Pasture |
| 19:21 | Build | Pasture |
| 19:23 | Create | Villager (Male) |
| 19:24 | Create | Villager (Male) |
| 19:37 | Build | Stone Wall |
| 19:39 | Build | Stone Wall |
| 19:48 | Build | Stone Wall |
| 19:54 | Create | Villager (Male) |
| 19:59 | Create | Villager (Male) |
| 20:02 | Build | Siege Workshop |
| 20:16 | Create | Villager (Male) |
| 20:31 | Build | Pasture |
| 20:32 | Create | Villager (Male) |
| 20:32 | Create | Villager (Male) |
| 20:39 | Create | Villager (Male) |
| 20:55 | Create | Battering Ram |
| 20:55 | Create | Battering Ram |
| 20:57 | Create | Villager (Male) |
| 20:57 | Create | Villager (Male) |
| 21:05 | Build | House |
| 21:06 | Build | House |
| 21:09 | Create | Villager (Male) |
| 21:09 | Create | Villager (Male) |
| 21:21 | Create | Villager (Male) |
| 21:21 | Create | Villager (Male) |
| 21:30 | Create | Villager (Male) |
| 21:39 | Create | Battering Ram |
| 21:39 | Create | Battering Ram |
| 21:41 | Create | Villager (Male) |
| 21:55 | Create | Villager (Male) |
| 22:08 | Create | Villager (Male) |
| 22:08 | Create | Villager (Male) |
| 22:10 | Create | Battering Ram |
| 22:26 | Create | Villager (Male) |
| 22:27 | Create | Villager (Male) |
| 22:27 | Create | Villager (Male) |
| 22:34 | Create | Unit 1920 |
| 22:34 | Create | Unit 1920 |
| 22:43 | Create | Iron Pagoda |
| 23:00 | Create | Villager (Male) |
| 23:01 | Create | Villager (Male) |
| 23:18 | Create | Villager (Male) |
| 23:18 | Create | Villager (Male) |
| 23:23 | Create | Iron Pagoda |
| 23:33 | Create | Unit 1920 |
| 24:12 | Create | Villager (Male) |
| 24:12 | Create | Villager (Male) |
| 24:27 | Build | Lumber Camp |
| 24:41 | Build | Pasture |
| 24:43 | Create | Villager (Male) |
| 24:53 | Create | Villager (Male) |
| 24:57 | Build | House |
| 25:04 | Create | Villager (Male) |
| 25:13 | Build | Town Center |
| 25:20 | Create | Villager (Male) |
| 25:35 | Create | Villager (Male) |
| 25:38 | Create | Villager (Male) |
| 25:53 | Create | Villager (Male) |
| 26:03 | Create | Villager (Male) |
| 26:24 | Research | Wheelbarrow |
| 26:55 | Build | Stone Wall |
| 27:01 | Build | Stone Wall |
| 27:04 | Build | Gate |
| 27:09 | Create | Villager (Male) |
| 27:11 | Create | Villager (Male) |
| 27:22 | Build | Lumber Camp |
| 27:32 | Create | Villager (Male) |
| 27:32 | Create | Villager (Male) |
| 27:32 | Create | Villager (Male) |
| 27:57 | Create | Unit 1920 |
| 27:57 | Create | Unit 1920 |
| 27:57 | Create | Unit 1920 |
| 27:57 | Create | Unit 1920 |
| 27:57 | Create | Unit 1920 |
| 27:58 | Create | Unit 1920 |
| 28:13 | Create | Unit 1920 |
| 28:13 | Create | Unit 1920 |
| 28:21 | Create | Unit 1920 |
| 28:38 | Create | Villager (Male) |
| 28:38 | Create | Villager (Male) |
| 29:47 | Create | Villager (Male) |
| 29:47 | Create | Villager (Male) |
| 30:06 | Create | Villager (Male) |
| 30:10 | Build | Dock |
| 30:12 | Create | Villager (Male) |
| 30:15 | Build | Dock |
| 30:19 | Build | Dock |
| 30:22 | Build | Dock |
| 30:25 | Create | Villager (Male) |
| 30:25 | Create | Villager (Male) |
Build order — A spoon full of love
First 150 of 414 actions detected
| 0:07 | Build | Dock |
| 0:37 | Build | House |
| 0:38 | Build | House |
| 1:02 | Create | Fishing Ship |
| 2:32 | Build | Town Center |
| 2:49 | Create | Fishing Ship |
| 3:24 | Create | Fishing Ship |
| 3:33 | Build | House |
| 3:36 | Create | Villager (Male) |
| 3:37 | Create | Villager (Male) |
| 4:05 | Create | Villager (Male) |
| 4:38 | Create | Villager (Male) |
| 4:39 | Create | Villager (Male) |
| 5:40 | Build | Town Center |
| 6:33 | Research | Loom |
| 6:33 | Create | Villager (Male) |
| 6:33 | Create | Villager (Male) |
| 6:34 | Create | Villager (Male) |
| 7:52 | Create | Villager (Male) |
| 8:45 | Create | Villager (Male) |
| 9:40 | Create | Villager (Male) |
| 10:42 | Create | Villager (Male) |
| 12:12 | Create | Villager (Male) |
| 16:30 | Build | House |
| 16:35 | Build | House |
| 16:51 | Build | House |
| 17:47 | Create | Villager (Male) |
| 17:48 | Create | Villager (Male) |
| 17:48 | Create | Villager (Male) |
| 18:39 | Create | Villager (Male) |
| 19:19 | Create | Villager (Male) |
| 19:47 | Build | House |
| 20:53 | Create | Villager (Male) |
| 21:49 | Create | Villager (Male) |
| 22:12 | Create | Villager (Male) |
| 22:43 | Create | Villager (Male) |
| 23:13 | Create | Fishing Ship |
| 23:18 | Build | House |
| 23:33 | Create | Villager (Male) |
| 23:37 | Build | Lumber Camp |
| 24:00 | Create | Fishing Ship |
| 24:26 | Create | Villager (Male) |
| 24:26 | Create | Villager (Male) |
| 24:38 | Build | Dock |
| 24:55 | Create | Villager (Male) |
| 24:59 | Create | Fishing Ship |
| 25:03 | Build | House |
| 25:05 | Build | House |
| 25:35 | Create | Villager (Male) |
| 25:38 | Build | Dock |
| 25:39 | Create | Fishing Ship |
| 25:45 | Build | House |
| 25:46 | Build | House |
| 25:47 | Build | House |
| 26:10 | Create | Villager (Male) |
| 26:11 | Create | Fishing Ship |
| 26:11 | Create | Fishing Ship |
| 26:32 | Create | Fishing Ship |
| 26:39 | Build | Dock |
| 26:44 | Create | Fishing Ship |
| 26:44 | Create | Villager (Male) |
| 27:14 | Create | Villager (Male) |
| 27:14 | Create | Fishing Ship |
| 27:15 | Create | Fishing Ship |
| 27:15 | Create | Fishing Ship |
| 27:15 | Create | Fishing Ship |
| 27:19 | Build | House |
| 27:20 | Build | House |
| 27:21 | Build | House |
| 27:42 | Build | Dock |
| 27:46 | Create | Fishing Ship |
| 27:47 | Create | Villager (Male) |
| 27:55 | Build | House |
| 27:56 | Build | House |
| 27:56 | Build | House |
| 28:05 | Create | Villager (Male) |
| 28:06 | Create | Fishing Ship |
| 28:19 | Create | Fishing Ship |
| 28:22 | Create | Fishing Ship |
| 28:26 | Create | Villager (Male) |
| 28:39 | Create | Fishing Ship |
| 28:41 | Create | Villager (Male) |
| 28:46 | Build | House |
| 28:47 | Build | House |
| 28:48 | Build | House |
| 28:49 | Build | House |
| 28:49 | Build | House |
| 28:52 | Create | Villager (Male) |
| 29:13 | Build | House |
| 29:14 | Build | House |
| 29:15 | Build | House |
| 29:17 | Create | Fishing Ship |
| 29:17 | Create | Fishing Ship |
| 29:18 | Create | Fishing Ship |
| 29:36 | Create | Fishing Ship |
| 29:36 | Create | Fishing Ship |
| 29:37 | Create | Fishing Ship |
| 29:38 | Create | Villager (Male) |
| 29:38 | Create | Villager (Male) |
| 29:47 | Build | Mill |
| 30:01 | Create | Villager (Male) |
| 30:01 | Create | Fishing Ship |
| 30:02 | Create | Fishing Ship |
| 30:02 | Create | Fishing Ship |
| 30:21 | Build | Lumber Camp |
| 30:34 | Create | Fishing Ship |
| 30:34 | Create | Fishing Ship |
| 30:34 | Create | Fishing Ship |
| 30:35 | Create | Fishing Ship |
| 30:35 | Create | Fishing Ship |
| 30:45 | Create | Fishing Ship |
| 30:46 | Create | Villager (Male) |
| 30:56 | Create | Villager (Male) |
| 30:58 | Create | Fishing Ship |
| 30:58 | Create | Fishing Ship |
| 30:59 | Create | Fishing Ship |
| 31:00 | Create | Fishing Ship |
| 31:20 | Build | Dock |
| 31:26 | Create | Fishing Ship |
| 31:27 | Create | Fishing Ship |
| 31:27 | Create | Fishing Ship |
| 31:30 | Create | Villager (Male) |
| 32:08 | Create | Villager (Male) |
| 32:11 | Research | Feudal Age |
| 32:16 | Build | Mining Camp |
| 32:26 | Build | Mining Camp |
| 32:41 | Create | Fishing Ship |
| 32:41 | Create | Fishing Ship |
| 32:41 | Create | Fishing Ship |
| 32:41 | Create | Fishing Ship |
| 32:42 | Create | Fishing Ship |
| 32:42 | Create | Fishing Ship |
| 32:42 | Create | Fishing Ship |
| 32:43 | Create | Fishing Ship |
| 32:43 | Create | Fishing Ship |
| 32:44 | Create | Fishing Ship |
| 32:44 | Create | Fishing Ship |
| 33:26 | Create | Fishing Ship ×4 |
| 33:41 | Age | Feudal Age |
| 33:51 | Build | Market |
| 33:55 | Research | Double-Bit Axe |
| 34:12 | Create | Villager (Male) |
| 34:13 | Create | Villager (Male) |
| 34:13 | Create | Villager (Male) |
| 34:19 | Build | Blacksmith |
| 34:48 | Research | Castle Age |
| 34:54 | Research | Fletching |
| 34:55 | Research | Padded Archer Armor |
| 35:17 | Build | Barracks |
| 35:24 | Research | Gold Mining |
Build order — 大冲车 滴滴 创死你
First 150 of 473 actions detected
| 0:21 | Build | Dock |
| 0:41 | Build | House |
| 0:42 | Build | House |
| 1:56 | Build | Town Center |
| 2:45 | Create | Villager (Male) |
| 2:45 | Create | Villager (Male) |
| 2:45 | Create | Villager (Male) |
| 2:46 | Create | Villager (Male) |
| 2:46 | Create | Villager (Male) |
| 3:11 | Create | Fishing Ship |
| 3:35 | Create | Fishing Ship |
| 4:24 | Research | Loom |
| 4:29 | Build | Dock |
| 4:36 | Create | Fishing Ship |
| 4:48 | Create | Villager (Male) |
| 4:48 | Create | Villager (Male) |
| 5:06 | Create | Fishing Ship |
| 5:20 | Create | Villager (Male) |
| 5:20 | Create | Villager (Male) |
| 5:33 | Create | Fishing Ship |
| 5:45 | Create | Villager (Male) |
| 6:03 | Create | Villager (Male) |
| 6:03 | Create | Fishing Ship |
| 6:04 | Create | Fishing Ship |
| 6:09 | Build | House |
| 6:14 | Build | House |
| 6:23 | Create | Villager (Male) |
| 6:23 | Create | Villager (Male) |
| 6:35 | Create | Villager (Male) |
| 6:43 | Build | House |
| 6:43 | Create | Fishing Ship |
| 6:46 | Create | Fishing Ship |
| 6:58 | Create | Villager (Male) |
| 7:10 | Build | House |
| 7:12 | Create | Villager (Male) |
| 7:25 | Create | Villager (Male) |
| 7:34 | Create | Fishing Ship |
| 7:37 | Create | Fishing Ship |
| 8:29 | Create | Fishing Ship |
| 8:29 | Create | Fishing Ship |
| 8:30 | Create | Villager (Male) |
| 8:41 | Build | Mill |
| 9:01 | Create | Villager (Male) |
| 9:19 | Build | Mining Camp |
| 9:22 | Research | Feudal Age |
| 9:55 | Build | House |
| 10:34 | Create | Villager (Male) |
| 11:12 | Build | Outpost |
| 11:40 | Age | Feudal Age |
| 11:43 | Build | Blacksmith |
| 11:52 | Build | Market |
| 11:58 | Create | Villager (Male) |
| 12:29 | Create | Villager (Male) |
| 12:47 | Research | Castle Age |
| 13:12 | Build | House |
| 13:13 | Build | House |
| 13:22 | Build | Palisade Wall |
| 13:26 | Research | Fletching |
| 15:02 | Build | House |
| 15:12 | Create | Villager (Male) |
| 15:35 | Age | Castle Age |
| 15:36 | Research | Bodkin Arrow |
| 15:38 | Build | Castle |
| 15:49 | Build | Town Center |
| 16:00 | Create | Villager (Male) |
| 16:03 | Create | Villager (Male) |
| 16:47 | Create | Villager (Male) |
| 16:51 | Create | Villager (Male) |
| 16:54 | Create | Genoese Crossbowman |
| 16:55 | Create | Genoese Crossbowman |
| 16:56 | Create | Genoese Crossbowman |
| 16:57 | Create | Genoese Crossbowman |
| 16:58 | Create | Genoese Crossbowman |
| 17:23 | Create | Villager (Male) |
| 17:24 | Create | Villager (Male) |
| 17:46 | Research | Imperial Age |
| 17:47 | Research | Imperial Age |
| 17:52 | Create | Villager (Male) |
| 17:53 | Create | Villager (Male) |
| 18:00 | Create | Genoese Crossbowman |
| 18:17 | Create | Villager (Male) |
| 18:49 | Create | Genoese Crossbowman |
| 18:54 | Create | Genoese Crossbowman |
| 19:00 | Create | Villager (Male) |
| 19:37 | Create | Genoese Crossbowman |
| 19:37 | Create | Genoese Crossbowman |
| 19:40 | Research | Gold Mining |
| 19:52 | Build | University |
| 19:58 | Create | Villager (Male) |
| 20:01 | Create | Villager (Male) |
| 20:27 | Create | Genoese Crossbowman |
| 20:29 | Create | Genoese Crossbowman |
| 20:29 | Create | Genoese Crossbowman |
| 20:30 | Create | Genoese Crossbowman |
| 20:34 | Research | Double-Bit Axe |
| 20:39 | Create | Villager (Male) |
| 20:39 | Create | Villager (Male) |
| 20:58 | Age | Imperial Age |
| 20:59 | Create | Trebuchet (Packed) |
| 21:17 | Create | Villager (Male) |
| 21:19 | Create | Villager (Male) |
| 21:19 | Create | Villager (Male) |
| 21:20 | Create | Villager (Male) |
| 21:23 | Create | Villager (Male) |
| 21:31 | Create | Trebuchet (Packed) |
| 21:53 | Create | Villager (Male) |
| 22:22 | Create | Trebuchet (Packed) |
| 22:24 | Create | Villager (Male) |
| 22:24 | Create | Villager (Male) |
| 22:26 | Create | Villager (Male) |
| 22:33 | Build | Mill |
| 23:00 | Research | Ballistics |
| 23:15 | Build | House |
| 23:34 | Create | Villager (Male) |
| 23:34 | Create | Villager (Male) |
| 23:35 | Create | Villager (Male) |
| 23:36 | Create | Villager (Male) |
| 23:42 | Build | Mill |
| 24:06 | Create | Villager (Male) |
| 24:07 | Create | Villager (Male) |
| 24:09 | Build | Blacksmith |
| 24:27 | Create | Genoese Crossbowman ×5 |
| 24:30 | Create | Villager (Male) |
| 24:30 | Create | Villager (Male) |
| 24:32 | Create | Villager (Male) |
| 24:32 | Create | Villager (Male) |
| 24:52 | Build | Siege Workshop |
| 25:07 | Research | Bracer |
| 25:28 | Create | Genoese Crossbowman |
| 25:29 | Create | Genoese Crossbowman |
| 25:30 | Create | Genoese Crossbowman |
| 25:38 | Create | Villager (Male) |
| 25:44 | Create | Villager (Male) |
| 26:24 | Create | Villager (Male) |
| 26:24 | Create | Villager (Male) |
| 26:28 | Build | House |
| 26:28 | Build | House |
| 26:29 | Build | House |
| 26:29 | Build | House |
| 26:30 | Build | House |
| 26:31 | Research | Chemistry |
| 26:52 | Create | Genoese Crossbowman |
| 26:54 | Create | Genoese Crossbowman |
| 26:56 | Create | Genoese Crossbowman |
| 26:57 | Create | Villager (Male) |
| 27:02 | Build | Farm |
| 27:03 | Build | Farm |
| 27:04 | Build | Farm |
| 27:05 | Build | Farm |
| 27:06 | Build | Farm |
Build order — [xbow] Flare
First 150 of 286 actions detected
| 0:28 | Build | House |
| 0:32 | Build | House |
| 0:43 | Build | Dock |
| 1:16 | Build | Town Center |
| 1:34 | Create | Fishing Ship |
| 2:10 | Create | Villager (Male) |
| 2:10 | Create | Villager (Male) |
| 2:11 | Create | Villager (Male) |
| 2:11 | Create | Villager (Male) |
| 2:11 | Create | Villager (Male) |
| 2:28 | Create | Fishing Ship |
| 3:01 | Build | House |
| 3:12 | Research | Loom |
| 3:23 | Build | House |
| 3:25 | Build | Palisade Wall |
| 3:36 | Create | Fishing Ship |
| 3:47 | Build | Dock |
| 4:15 | Create | Villager (Male) |
| 4:15 | Create | Villager (Male) |
| 4:33 | Create | Fishing Ship |
| 4:34 | Create | Fishing Ship |
| 4:50 | Create | Villager (Male) |
| 4:50 | Create | Villager (Male) |
| 5:08 | Create | Fishing Ship |
| 5:15 | Create | Fishing Ship |
| 5:23 | Create | Villager (Male) |
| 5:33 | Build | House |
| 5:36 | Build | Palisade Wall |
| 5:41 | Create | Villager (Male) |
| 6:03 | Create | Fishing Ship |
| 6:04 | Create | Fishing Ship |
| 6:15 | Create | Villager (Male) |
| 6:37 | Build | Palisade Wall |
| 6:39 | Build | Palisade Gate |
| 6:41 | Create | Villager (Male) |
| 6:52 | Create | Fishing Ship |
| 7:00 | Create | Villager (Male) |
| 7:24 | Build | Mule Cart |
| 7:43 | Research | Feudal Age |
| 8:01 | Build | Mill |
| 8:08 | Create | Villager (Male) |
| 8:26 | Build | House |
| 8:55 | Create | Fishing Ship |
| 8:56 | Create | Fishing Ship |
| 9:29 | Create | Villager (Male) |
| 9:53 | Age | Feudal Age |
| 9:58 | Build | Market |
| 9:59 | Build | Blacksmith |
| 11:06 | Research | Castle Age |
| 11:46 | Research | Double-Bit Axe |
| 11:55 | Build | House |
| 11:57 | Build | House |
| 11:58 | Build | Palisade Wall |
| 11:59 | Build | Palisade Wall |
| 13:01 | Create | Fishing Ship |
| 13:02 | Create | Fishing Ship |
| 13:08 | Research | Horse Collar |
| 13:46 | Age | Castle Age |
| 13:48 | Create | Villager (Male) |
| 13:53 | Research | Bow Saw |
| 14:09 | Research | Fletching |
| 14:12 | Create | Villager (Male) |
| 14:20 | Build | Castle |
| 14:33 | Create | Fishing Ship |
| 14:33 | Create | Fishing Ship |
| 14:39 | Create | Villager (Male) |
| 14:58 | Research | Scale Barding Armor |
| 15:18 | Create | Villager (Male) |
| 15:19 | Research | Heavy Plow |
| 15:28 | Create | Villager (Male) |
| 15:45 | Create | Villager (Male) |
| 15:48 | Create | Fishing Ship |
| 15:49 | Create | Fishing Ship |
| 15:50 | Create | Monaspa |
| 15:55 | Build | Siege Workshop |
| 16:07 | Create | Monaspa |
| 16:24 | Create | Villager (Male) |
| 16:29 | Research | Chain Barding Armor |
| 16:40 | Create | Battering Ram |
| 16:45 | Create | Villager (Male) |
| 16:47 | Build | House |
| 16:48 | Build | House |
| 16:55 | Create | Villager (Male) |
| 17:20 | Create | Battering Ram |
| 17:35 | Create | Monaspa |
| 17:57 | Create | Monaspa |
| 18:10 | Create | Villager (Male) |
| 18:25 | Build | Castle |
| 18:34 | Create | Villager (Male) |
| 18:52 | Create | Villager (Male) |
| 19:05 | Create | Villager (Male) |
| 19:09 | Create | Monaspa |
| 19:19 | Create | Villager (Male) |
| 19:31 | Create | Villager (Male) |
| 19:40 | Create | Monaspa |
| 19:42 | Create | Villager (Male) |
| 20:28 | Build | Monastery |
| 20:34 | Build | Farm |
| 20:35 | Build | Farm |
| 20:37 | Build | Farm |
| 20:40 | Create | Battering Ram |
| 20:41 | Create | Villager (Male) |
| 21:09 | Create | Demolition Raft |
| 21:20 | Create | Fishing Ship |
| 21:21 | Create | Villager (Male) |
| 21:31 | Build | Town Center |
| 21:34 | Create | Villager (Male) |
| 21:38 | Create | Monaspa |
| 21:38 | Create | Monaspa |
| 21:50 | Create | Battering Ram |
| 21:51 | Create | Monaspa |
| 21:51 | Create | Monaspa |
| 22:17 | Create | Villager (Male) |
| 22:21 | Build | Farm |
| 22:29 | Create | Monaspa |
| 22:29 | Create | Monaspa |
| 22:44 | Create | Villager (Male) |
| 23:25 | Create | Monaspa |
| 23:26 | Create | Monaspa |
| 23:36 | Create | Villager (Male) |
| 23:47 | Create | Villager (Male) |
| 23:51 | Create | Monaspa |
| 23:51 | Create | Monaspa |
| 24:03 | Create | Villager (Male) |
| 24:24 | Create | Villager (Male) |
| 24:32 | Create | Monaspa |
| 24:33 | Create | Villager (Male) |
| 24:43 | Build | Town Center |
| 24:44 | Create | Villager (Male) |
| 24:48 | Create | Villager (Male) |
| 24:50 | Build | Barracks |
| 24:56 | Research | Forging |
| 25:01 | Create | Monaspa |
| 25:23 | Create | Monaspa |
| 25:47 | Build | Castle |
| 25:52 | Create | Monaspa |
| 26:06 | Build | House |
| 26:07 | Build | House |
| 26:09 | Build | House |
| 26:10 | Build | House |
| 26:14 | Build | Monastery |
| 26:39 | Create | Villager (Male) |
| 27:15 | Create | Villager (Male) |
| 27:17 | Create | Monaspa |
| 27:21 | Build | Stable |
| 27:27 | Create | Monaspa |
| 27:31 | Build | House |
| 27:32 | Build | House |
| 27:38 | Create | Monaspa |
| 27:51 | Create | Villager (Male) |
Build order — 牛欢喜
77 actions detected in the replay
| 0:11 | Build | Dock |
| 0:39 | Build | House |
| 1:21 | Build | Town Center |
| 2:11 | Create | Villager (Male) |
| 2:11 | Create | Villager (Male) |
| 2:11 | Create | Villager (Male) |
| 2:12 | Create | Villager (Male) |
| 3:04 | Create | Villager (Male) |
| 3:10 | Create | Fishing Ship |
| 3:19 | Build | House |
| 3:31 | Create | Villager (Male) |
| 3:54 | Create | Villager (Male) |
| 4:03 | Build | Dock |
| 4:25 | Create | Fishing Ship |
| 4:46 | Create | Villager (Male) |
| 5:08 | Create | Villager (Male) |
| 5:10 | Create | Fishing Ship |
| 5:15 | Create | Fishing Ship |
| 5:15 | Create | Fishing Ship |
| 5:40 | Create | Fishing Ship |
| 5:40 | Create | Fishing Ship |
| 5:41 | Create | Villager (Male) |
| 5:41 | Create | Villager (Male) |
| 5:48 | Create | Villager (Male) |
| 6:15 | Build | Mining Camp |
| 6:45 | Research | Loom |
| 6:45 | Research | Loom |
| 7:07 | Create | Villager (Male) |
| 7:08 | Create | Villager (Male) |
| 7:15 | Build | Lumber Camp |
| 7:25 | Create | Villager (Male) |
| 7:49 | Create | Villager (Male) |
| 8:16 | Create | Villager (Male) |
| 8:36 | Build | House |
| 9:07 | Build | House |
| 9:32 | Create | Fishing Ship |
| 9:53 | Create | Villager (Male) |
| 10:15 | Create | Villager (Male) |
| 10:19 | Create | Fishing Ship |
| 10:46 | Create | Villager (Male) |
| 11:20 | Create | Villager (Male) |
| 11:22 | Create | Villager (Male) |
| 11:31 | Build | House |
| 11:40 | Build | Palisade Wall |
| 11:44 | Build | Palisade Wall |
| 11:57 | Create | Villager (Male) |
| 12:10 | Create | Villager (Male) |
| 12:53 | Research | Feudal Age |
| 13:00 | Build | House |
| 13:37 | Build | House |
| 13:40 | Build | House |
| 13:44 | Build | House |
| 13:50 | Build | House |
| 13:54 | Build | House |
| 13:56 | Build | House |
| 14:38 | Create | Villager (Male) |
| 14:44 | Build | House |
| 15:10 | Age | Feudal Age |
| 15:21 | Build | Watch Tower |
| 15:27 | Research | Double-Bit Axe |
| 15:29 | Create | Villager (Male) |
| 15:43 | Create | Villager (Male) |
| 16:00 | Build | Lumber Camp |
| 16:10 | Build | Blacksmith |
| 16:54 | Research | Fletching |
| 16:55 | Research | Fletching |
| 17:22 | Create | Fishing Ship |
| 17:30 | Build | Dock |
| 18:11 | Build | Mill |
| 19:02 | Build | Market |
| 19:38 | Build | Dock |
| 20:40 | Create | Fishing Ship |
| 20:40 | Create | Fishing Ship |
| 20:42 | Create | Fishing Ship |
| 21:01 | Research | Castle Age |
| 21:01 | Research | Castle Age |
| 22:44 | Build | Lumber Camp |
Match timeline
| 0:07 | A spoon full of love · first_building Dock |
| 0:11 | 牛欢喜 · first_building Dock |
| 0:14 | 2KM1 · first_building Dock |
| 0:21 | 大冲车 滴滴 创死你 · first_building Dock |
| 0:38 | 哈哈哈哈 · first_building Dock |
| 0:43 | [xbow] Flare · first_building Dock |
| 0:45 | 咸酸菜 · first_building Dock |
| 0:51 | YanShiba · first_building Dock |
| 2:28 | YanShiba · wall_segment Palisade Wall x1 |
| 2:30 | YanShiba · wall_segment Palisade Wall x1 |
| 3:25 | [xbow] Flare · wall_segment Palisade Wall x6 |
| 5:36 | [xbow] Flare · wall_segment Palisade Wall x3 |
| 6:36 | YanShiba · wall_segment Palisade Wall x4 |
| 6:37 | [xbow] Flare · wall_segment Palisade Wall x5 |
| 6:50 | YanShiba · wall_segment Palisade Wall x5 |
| 8:22 | 2KM1 · first_building Barracks |
| 8:36 | YanShiba · wall_segment Palisade Wall x2 |
| 8:48 | YanShiba · wall_segment Palisade Wall x11 |
| 9:41 | YanShiba · age_up feudal |
| 9:53 | [xbow] Flare · age_up feudal |
| 10:28 | 2KM1 · age_up feudal |
| 10:35 | 2KM1 · first_building Archery Range |
| 11:03 | 咸酸菜 · age_up feudal |
| 11:34 | 哈哈哈哈 · wall_segment Palisade Wall x1 |
| 11:36 | 哈哈哈哈 · wall_segment Palisade Wall x1 |
| 11:40 | 大冲车 滴滴 创死你 · age_up feudal |
| 11:40 | 牛欢喜 · wall_segment Palisade Wall x2 |
| 11:41 | 哈哈哈哈 · wall_segment Palisade Wall x1 |
| 11:43 | 哈哈哈哈 · wall_segment Palisade Wall x1 |
| 11:44 | 牛欢喜 · wall_segment Palisade Wall x1 |
| 11:58 | [xbow] Flare · wall_segment Palisade Wall x1 |
| 11:59 | [xbow] Flare · wall_segment Palisade Wall x1 |
| 12:15 | 哈哈哈哈 · age_up feudal |
| 13:22 | 大冲车 滴滴 创死你 · wall_segment Palisade Wall x6 |
| 13:46 | [xbow] Flare · age_up castle |
| 14:15 | [xbow] Flare · first_market_buy 100 stone |
| 14:20 | [xbow] Flare · first_building Castle |
| 15:10 | 牛欢喜 · age_up feudal |
| 15:35 | 大冲车 滴滴 创死你 · age_up castle |
| 15:38 | 大冲车 滴滴 创死你 · first_building Castle |
| 15:40 | 咸酸菜 · age_up castle |
| 15:51 | 咸酸菜 · first_building Castle |
| 15:55 | [xbow] Flare · first_building Siege Workshop |
| 16:35 | 哈哈哈哈 · age_up castle |
| 16:36 | [xbow] Flare · first_market_sell 100 wood |
| 16:54 | YanShiba · first_market_buy 100 food |
| 17:33 | 大冲车 滴滴 创死你 · first_market_sell 100 wood |
| 17:39 | 哈哈哈哈 · first_building Castle |
| 19:09 | 2KM1 · age_up castle |
| 19:17 | 2KM1 · first_building Siege Workshop |
| 19:37 | 咸酸菜 · wall_segment Stone Wall x1 |
| 19:39 | 咸酸菜 · wall_segment Stone Wall x1 |
| 19:48 | 咸酸菜 · wall_segment Stone Wall x3 |
| 19:56 | YanShiba · age_up castle |
| 20:02 | 咸酸菜 · first_building Siege Workshop |
| 20:28 | [xbow] Flare · first_building Monastery |
| 20:47 | 牛欢喜 · first_market_sell 100 wood |
| 20:49 | 牛欢喜 · first_market_buy 100 food |
| 20:58 | 大冲车 滴滴 创死你 · age_up imperial |
| 21:02 | 哈哈哈哈 · first_building Siege Workshop |
| 21:16 | YanShiba · first_market_sell 100 food |
| 21:29 | 2KM1 · first_market_sell 100 food |
| 21:45 | YanShiba · first_building Castle |
| 23:19 | 2KM1 · first_market_buy 100 wood |
| 23:41 | 牛欢喜 · resign |
| 24:50 | [xbow] Flare · first_building Barracks |
| 24:52 | 大冲车 滴滴 创死你 · first_building Siege Workshop |
| 24:55 | YanShiba · first_building Siege Workshop |
| 25:11 | 哈哈哈哈 · first_market_sell 100 food |
| 25:13 | 哈哈哈哈 · first_market_buy 100 stone |
| 26:55 | 咸酸菜 · wall_segment Stone Wall x1 |
| 27:01 | 咸酸菜 · wall_segment Stone Wall x5 |
| 27:21 | [xbow] Flare · first_building Stable |
| 27:27 | 大冲车 滴滴 创死你 · first_market_buy 100 food |
| 30:02 | 2KM1 · first_building Castle |
| 30:42 | 咸酸菜 · first_market_sell 100 wood |
| 30:43 | 咸酸菜 · first_market_buy 100 stone |
| 33:41 | A spoon full of love · age_up feudal |
| 34:46 | A spoon full of love · first_market_sell 100 food |
| 34:49 | 咸酸菜 · first_building Barracks |
| 34:55 | 2KM1 · wall_segment Stone Wall x13 |
| 35:02 | 2KM1 · wall_segment Stone Wall x13 |
| 35:17 | A spoon full of love · first_building Barracks |
| 35:25 | 咸酸菜 · first_building Archery Range |
| 35:40 | 咸酸菜 · first_building Stable |
| 36:07 | A spoon full of love · first_building Archery Range |
| 36:28 | A spoon full of love · age_up castle |
| 36:56 | 2KM1 · age_up imperial |
| 37:29 | A spoon full of love · first_market_buy 100 wood |
| 37:48 | 哈哈哈哈 · age_up imperial |
| 38:25 | YanShiba · tribute_sent a jugador 1 |
| 38:25 | YanShiba · tribute_sent a jugador 3 |
| 38:25 | YanShiba · tribute_sent a jugador 4 |
| 38:25 | YanShiba · tribute_sent a jugador 5 |
| 38:25 | YanShiba · tribute_sent a jugador 6 |
| 38:25 | YanShiba · tribute_sent a jugador 7 |
| 38:25 | YanShiba · tribute_sent a jugador 8 |
| 38:29 | [xbow] Flare · tribute_sent a jugador 1 |
| 38:29 | [xbow] Flare · tribute_sent a jugador 2 |
| 38:29 | [xbow] Flare · tribute_sent a jugador 3 |
| 38:29 | [xbow] Flare · tribute_sent a jugador 4 |
| 38:29 | [xbow] Flare · tribute_sent a jugador 5 |
| 38:29 | [xbow] Flare · tribute_sent a jugador 7 |
| 38:29 | [xbow] Flare · tribute_sent a jugador 8 |
| 39:06 | A spoon full of love · age_up imperial |
| 39:14 | A spoon full of love · first_building Castle |
| 39:57 | YanShiba · age_up imperial |
| 41:08 | [xbow] Flare · tribute_sent a jugador 1 |
| 41:08 | [xbow] Flare · tribute_sent a jugador 2 |
| 41:08 | [xbow] Flare · tribute_sent a jugador 3 |
| 41:08 | [xbow] Flare · tribute_sent a jugador 4 |
| 41:08 | [xbow] Flare · tribute_sent a jugador 5 |
| 41:08 | [xbow] Flare · tribute_sent a jugador 7 |
| 41:08 | [xbow] Flare · tribute_sent a jugador 8 |
| 43:12 | YanShiba · tribute_sent a jugador 1 |
| 43:12 | YanShiba · tribute_sent a jugador 3 |
| 43:12 | YanShiba · tribute_sent a jugador 4 |
| 43:12 | YanShiba · tribute_sent a jugador 5 |
| 43:12 | YanShiba · tribute_sent a jugador 6 |
| 43:12 | YanShiba · tribute_sent a jugador 7 |
| 43:12 | YanShiba · tribute_sent a jugador 8 |
| 46:07 | 咸酸菜 · age_up imperial |
| 47:37 | 2KM1 · first_building Monastery |
| 49:43 | 2KM1 · tribute_sent a jugador 1 |
| 49:43 | 2KM1 · tribute_sent a jugador 2 |
| 49:43 | 2KM1 · tribute_sent a jugador 3 |
| 49:43 | 2KM1 · tribute_sent a jugador 4 |
| 49:43 | 2KM1 · tribute_sent a jugador 5 |
| 49:43 | 2KM1 · tribute_sent a jugador 6 |
| 49:43 | 2KM1 · tribute_sent a jugador 7 |
| 51:21 | 大冲车 滴滴 创死你 · first_building Barracks |
| 52:11 | 哈哈哈哈 · tribute_sent a jugador 2 |
| 52:11 | 哈哈哈哈 · tribute_sent a jugador 3 |
| 52:11 | 哈哈哈哈 · tribute_sent a jugador 4 |
| 52:11 | 哈哈哈哈 · tribute_sent a jugador 5 |
| 52:11 | 哈哈哈哈 · tribute_sent a jugador 6 |
| 52:11 | 哈哈哈哈 · tribute_sent a jugador 7 |
| 52:11 | 哈哈哈哈 · tribute_sent a jugador 8 |
| 53:52 | 2KM1 · tribute_sent a jugador 1 |
| 53:52 | 2KM1 · tribute_sent a jugador 2 |
| 53:52 | 2KM1 · tribute_sent a jugador 3 |
| 53:52 | 2KM1 · tribute_sent a jugador 4 |
| 53:52 | 2KM1 · tribute_sent a jugador 5 |
| 53:52 | 2KM1 · tribute_sent a jugador 6 |
| 53:52 | 2KM1 · tribute_sent a jugador 7 |
| 55:46 | 大冲车 滴滴 创死你 · first_building Stable |
| 60:44 | YanShiba · first_building Barracks |
| 60:51 | 哈哈哈哈 · first_building Barracks |
| 61:13 | YanShiba · first_building Stable |
[ AI ANALYSIS · 1 CREDIT ]
What really happened in this match?
Wolo.gg analyzes every decision: build order, eco, micro, common mistakes by bracket. Personalized analysis on WhatsApp or Discord in 30 seconds.
Civ guide
Vikings
Perfil
Jugador #229488